 Dungeon Crawl Stone Soup version 0.30-a0-34-gbe8da3892a (webtiles) character file.

Game seed: 14499394318614152585

21 ytrimaz the Insei (level 2, 18/18 HPs)
             Began as an Octopode Transmuter on Aug 28, 2022.
             Was a Follower of Dithmenos.
             Quit the game on level 1 of the Dungeon.
             The game lasted 00:00:45 (847 turns).

ytrimaz the Insei (Octopode Transmuter)              Turns: 847, Time: 00:00:45

Health: 18/18      AC:  1    Str:  9    XL:     2   Next: 87%
Magic:  5/5        EV: 13    Int: 15    God:    Dithmenos [*.....]
Gold:   15         SH:  0    Dex: 12    Spells: 4/5 levels left

rFire   . . .      SeeInvis .      - Unarmed
rCold   . . .      Faith    .    (no shield)
rNeg    . . .      Spirit   .    (helmet restricted)
rPois   .          Reflect  .    (no amulet)
rElec   .          Harm     .    (no ring)
rCorr   .          Rampage  .    (no ring)
Will    .....                    (no ring)
Stlth   +++.......               (no ring)
HPRegen 0.06/turn                (no ring)
MPRegen 0.09/turn                (no ring)
                                 (no ring)
                                 (no ring)

@: wreathed by umbra
A: almost no armour, amphibious, 8 rings, camouflage 1, gelatinous body 1,
(nimble swimmer 1), tentacles
a: Renounce Religion


You were on level 1 of the Dungeon.
You worshipped Dithmenos.
Dithmenos was aware of your devotion.
You visited 1 branch of the dungeon, and saw 1 of its levels.

You collected 15 gold pieces.

Inventory:

Potions
 a - a potion of degeneration {unknown}


   Skills:
 - Level 1.0 Fighting
 - Level 2.0 Dodging
 + Level 4.0 Unarmed Combat
 - Level 2.0 Spellcasting
 - Level 2.0 Transmutations


You had 4 spell levels left.
You knew the following spells:

 Your Spells              Type           Power      Damage    Failure   Level
a - Beastly Appendage     Tmut           14%        N/A       10%         1

Your spell library contained the following spells:

 Spells                   Type           Power      Damage    Failure   Level
 Wereblood                Tmut           7%         N/A       14%         2
 Spider Form              Tmut/Pois      4%         N/A       41%         3
 Ice Form                 Ice/Tmut       4%         N/A       82%         4


Dungeon Overview and Level Annotations

Branches:
Dungeon (1/15)

Altars:
Dithmenos


Innate Abilities, Weirdness & Mutations

You cannot wear most types of armour.
You are amphibious.
You can wear up to eight rings at the same time.
Your skin changes colour to match your surroundings (Stealth+).
Your rubbery body absorbs attacks. (AC +1, EV +1)
((You are camouflaged when in or above water. (Stealth+)))
You have tentacles for arms and can constrict up to eight enemies at once.


Message History

Your transformation is almost over.
Your tentacle spike disappears.
Found a faded altar of an unknown god.
Found 4 stones and a robe.
Found a robe.
Found a dagger.
A rat comes into view.
A rat is nearby!
One of your tentacles grows a vicious spike.
You extend your transformation's duration.
The helpless rat fails to defend itself.
You tentacle-slap the rat.
You kill the rat!
Your Unarmed Combat skill increases to level 4!
Your transformation is almost over.
Your tentacle spike disappears.
You open the door.
There is an open door here.
A giant cockroach comes into view.
Found 4 stones.
A giant cockroach is nearby!
A giant cockroach is nearby!
The helpless giant cockroach fails to defend itself.
You tentacle-slap the giant cockroach. You grab the giant cockroach.
You tentacle-slap the giant cockroach.
The giant cockroach is heavily wounded.
You constrict the giant cockroach, but do no damage.
The giant cockroach misses you.
You tentacle-slap the giant cockroach.
You kill the giant cockroach!
Things that are here:
4 stones; a giant cockroach corpse You see here a +0 robe.
There is an open door here.
There is a faded altar of an unknown god here.
You cannot tell which god this altar belongs to.
Convert to them anyway?
Dithmenos accepts your prayer! Dithmenos welcomes you!
You are shrouded in an aura of darkness!
Are you sure you want to abandon this character and quit the game? (Confirm with "yes".)

#...........# #.........
#..#.[.####.# #...|.).#
#..##.#####.# ##.....##
#..#~....##.### ##..).#
#..#~≈##.#~≈≈~######.#.#
#..~≈≈≈#.##~≈~.......#.#
#.~~≈≈##'##≈~≈######.#.#
#.≈≈≈≈#...#≈≈≈≈# #.#.#
#.≈≈≈≈#.@.#≈≈≈≈# #.#.#
#.≈≈≈≈#...#≈≈≈≈# #.#.#
#.#≈≈≈#####≈≈≈≈# #.#.#
#..≈≈≈≈≈≈≈≈≈≈≈## #.#.#
####≈≈≈≈≈≈≈≈≈~######.#.#
##≈≈≈≈≈≈~...........#
##≈≈≈≈≈#.#######(###
#######.# #.# #.# #.#


There were no monsters in sight!

Vanquished Creatures
  A gnoll (D:1)
  A dart slug (D:1)
  2 giant cockroaches (D:1)
  A goblin (D:1)
  A ball python (D:1)
  2 kobolds (D:1)
  3 rats (D:1)
11 creatures vanquished.

Notes
Turn   | Place    | Note
-------+----------+-------------------------------------------
     0 | D:1      | ytrimaz the Octopode Transmuter began the quest for the
                  | Orb.
     0 | D:1      | Reached XP level 1. HP: 13/13 MP: 3/3
    65 | D:1      | Reached XP level 2. HP: 3/18 MP: 5/5
   715 | D:1      | Found a faded altar of an unknown god.
   730 | D:1      | Reached skill level 4 in Unarmed Combat
   846 | D:1      | Prayed at the altar of an unknown god.
   846 | D:1      | Became a worshipper of Dithmenos the Shadowed
   846 | D:1      | Reached * piety under Dithmenos
   847 | D:1      | Quit the game

Illustrated notes

Levels and vault maps discovered:
D:1:      minmay_arrival_plants_in_alcoves, layout_loops_ring,
          nicolae_ecumenical_lake_church, kennysheep_doodads

Skill      XL: |  1  2 |
---------------+-------+-----
Unarmed Combat | 4 |  4.0
Fighting       | |  1.0
Dodging        | |  2.0
Spellcasting   | |  2.0
Transmutations | |  2.0

Action                   || total
-------------------------++-------
Melee: Unarmed           ||    20
       Kick              ||     8
       Constrict         ||     7
       Tentacles         ||     2
       Punch             ||     1
 Cast: Beastly Appendage ||     9
  Use: Potion            ||     1
       Scroll            ||     1
 Stab: Sleeping          ||     2
Armor: Skin              ||     3
Dodge: Dodged            ||     8

Table legend: (Time is in decaauts)
 A = Elapsed time spent in this place.
 B = Non-inter-level travel time spent in this place.
 C = Inter-level travel time spent in this place.
 D = Time resting spent in this place.
 E = Time spent auto-exploring this place.
 F = Levels seen in this place.
 G = Mean time per level.
                   A        B        C        D        E       F      G
               +--------+--------+--------+--------+--------+-----+--------+
         Total |    845 |    845 |      0 |    465 |    257 |   1 |  845.0 |
       Dungeon |    845 |    845 |      0 |    465 |    257 |   1 |  845.0 |
               +--------+--------+--------+--------+--------+-----+--------+

Top non-repeatable levels by time:
     D:1: 845 daAuts
